 Dungeon Crawl Stone Soup version 0.24-a0-525-g9231cdc (webtiles) character file.

Game seed: 5583204040684836140

1523818 kongol the Conqueror (level 27, 273/273 HPs)
             Began as a Minotaur Berserker on July 29, 2019.
             Was the Champion of Trog.
             Escaped with the Orb
             ... and 3 runes on Aug 1, 2019!
             The game lasted 06:39:53 (88694 turns).

kongol the Conqueror (Minotaur Berserker)          Turns: 88694, Time: 06:39:54

Health: 273/273    AC: 60    Str: 31    XL:     27
Magic:  31/33      EV: 14    Int:  6    God:    Trog [******]
Gold:   33         SH:  0    Dex: 12    Spells: 26/26 levels left

rFire    + . .     SeeInvis .   a - +9 executioner's axe (flame)
rCold    + . .     Gourm    .   (shield currently unavailable)
rNeg     + + .     Faith    .   P - +9 gold dragon scales
rPois    +         Spirit   .   y - +4 hat of Gadal {rPois rN++ Slay+5 Stlth-}
rElec    .         Reflect  .   d - +2 cloak {+Inv}
rCorr    .         Harm     .   U - +2 pair of gloves {archery}
MR       +++..                  o - +2 pair of boots
Stlth    ..........             l - amulet of regeneration
HPRegen  0.95/turn              B - +4 ring of protection
MPRegen  0.23/turn              M - +4 ring of protection

@: no status effects
A: retaliatory headbutt, horns 2, blurry vision 2, magic resistance 1, screaming
1
0: Orb of Zot
}: 3/15 runes: decaying, silver, gossamer
a: Berserk, Trog's Hand, Brothers in Arms, Renounce Religion, Evoke Invisibility


You escaped.
You worshipped Trog.
Trog was exalted by your worship.
You were very full.

You visited 8 branches of the dungeon, and saw 46 of its levels.
You visited 2 bazaars.
You also visited: Gauntlet and Wizlab.

You collected 5807 gold pieces.
You spent 5774 gold pieces at shops.

Inventory:

Hand Weapons
 a - a +9 executioner's axe of flaming (weapon)
   (Trog gifted it to you on level 3 of the Swamp)
 b - a +9 fustibalus of velocity
   (You found it on level 5 of the Lair of Beasts)
Missiles
 s - 41 silver javelins (quivered)
 w - 95 sling bullets
 V - 20 javelins
 X - 36 boomerangs of dispersal {!f}
Armour
 d - a +2 cloak of invisibility (worn)
   (You took it off a draconian monk on level 2 of the Realm of Zot)
 o - a +2 pair of boots (worn)
   (You found it on level 4 of the Spider Nest)
 y - the +4 hat of Gadal (worn) {rPois rN++ Slay+5 Stlth-}
   (You acquired it on level 3 of the Depths)

   It affects your accuracy and damage with ranged weapons and melee attacks
   (+5).
   It protects you from poison.
   It greatly protects you from negative energy.
   It makes you less stealthy.
 I - a scarf of cloud immunity
   (You found it on level 4 of the Swamp)
 P - +9 gold dragon scales (worn)
   (You found it on level 2 of the Depths)
 U - a +2 pair of gloves of archery (worn)
   (You found it on level 4 of the Depths)
Jewellery
 c - the ring "Zicroiv" {rF- rCorr Int+5}
   (You found it in a Gauntlet)

   [ring of resist corrosion]

   It affects your intelligence (+5).
   It makes you vulnerable to fire.
   It provides partial protection from all sources of acid and corrosion.
 k - the ring of Qojelujo {rElec Dex+4 SInv}
   (You bought it in a shop in a bazaar)

   [ring of see invisible]

   It affects your dexterity (+4).
   It insulates you from electricity.
   It lets you see invisible.
 l - an amulet of regeneration (around neck)
   (You found it on level 3 of the Realm of Zot)
 t - the amulet of the Locust {+Rage MR+}
   (You took it off a vault warden on level 5 of the Vaults)

   [amulet of rage]

   It affects your resistance to hostile enchantments.
   It lets you go berserk.
 B - a +4 ring of protection (left hand)
   (You found it on level 4 of the Depths)
 D - the ring "Fitwurun" {+Blink rN+ SInv}
   (You found it on level 15 of the Dungeon)

   [ring of see invisible]

   It protects you from negative energy.
   It lets you see invisible.
   It lets you blink.
 M - a +4 ring of protection (right hand)
   (You found it on level 12 of the Dungeon)
Wands
 u - a wand of paralysis (18)
   (You found it on level 3 of the Swamp)
 v - a wand of digging (2)
   (You found it on level 3 of the Swamp)
 x - a wand of acid (11)
   (You found it on level 3 of the Swamp)
 R - a wand of disintegration (40)
   (You found it on level 1 of the Vaults)
 Z - a wand of polymorph (25)
   (You found it on level 5 of the Depths)
Scrolls
 f - 23 scrolls of identify {@r1}
 j - 8 scrolls of fear
 n - a scroll of immolation {!r}
 p - 23 scrolls of remove curse {@r2}
 r - 31 scrolls of teleportation {@r4}
 z - 2 scrolls of silence
 A - 4 scrolls of blinking
 K - 3 scrolls of summoning
 N - 4 scrolls of fog
Potions
 g - 18 potions of curing {@q1}
 h - 11 potions of haste {@q3}
 m - 3 potions of resistance
 q - 8 potions of might
 C - 14 potions of heal wounds {@q2}
 F - 6 potions of agility
 H - 2 potions of invisibility
 O - 8 potions of mutation {!q}
 T - 7 potions of cancellation
Miscellaneous
 i - a fan of gales
   (You found it on level 6 of the Lair of Beasts)
 E - 8 phantom mirrors
 L - a phial of floods
   (You found it on level 9 of the Dungeon)
 W - a lightning rod (4/4) {!a}
   (You found it on level 3 of the Realm of Zot)
 Y - 3 boxes of beasts
Comestibles
 e - 73 rations {!d}


   Skills:
 O Level 27 Fighting
 - Level 26.0 Axes
 - Level 8.2(14.0) Slings
 - Level 16.3(16.8) Throwing
 O Level 27 Armour
 - Level 13.0 Dodging
 + Level 15.6 Evocations


You had 26 spell levels left.
You didn't know any spells.
Your spell library was empty.

Dungeon Overview and Level Annotations

Branches:
Dungeon (15/15)            Temple (0/1) D:4            Lair (6/6) D:9
  Swamp (4/4) Lair:2       Spider (4/4) Lair:2        Slime (0/5) Lair:6
    Orc (2/2) D:10            Elf (0/3) Orc:2        Vaults (5/5) D:14
  Crypt (0/3) Vaults:3     Depths (5/5) D:15            Zot (5/5) Depths:5

Altars:
Dithmenos
Elyvilon
Fedhas
Gozag
Hepliaklqana
Qazlal
Trog
Wu Jian
Xom
The Shining One
Beogh
Jiyva

Shops:
D:10 *   D:15 [:(   Orc:2 }[?:?   Vaults:1 *   Vaults:4 }%(   Vaults:5 !!%%!%%%
Depths:1 *[*!

Portals:
Hell: Depths:1 Depths:2 Depths:3 Depths:4 Depths:5
Abyss: Depths:3 Depths:4
Pandemonium: Depths:3
Ziggurat: Depths:4

Annotations:
D:3 exclusion: downstairs
D:5 1 runed translucent door, Crazy Yiuf
Lair:1 exclusion: oklob plant
Lair:2 exclusion: oklob plant
Lair:4 1 runed translucent door, exclusion: oklob plant, Brisketman's ghost, journeyman MfGl
Zot:2 exclusion: 4 doors


Innate Abilities, Weirdness & Mutations

You reflexively headbutt those who attack you in melee.
You have a pair of horns on your head.
Scrolls take you longer to read.
You are resistant to hostile enchantments. (MR+)
You occasionally shout uncontrollably at your foes.


Message History

You climb upwards.
There is a stone staircase leading down here.
There is an open door here.
A profane servitor comes into view.
It is wielding a +3 demon whip of electrocution.
There is a stone staircase leading up here.
The profane servitor hits you but does no damage. x2
You are electrocuted!
You climb upwards.
Level annotation: exclusion: downstairs
There is a stone staircase leading down here.
Unknown command.
A sun demon comes into view.
There is a stone staircase leading up here.
You slice the sun demon!!
The sun demon hits you but does no damage.
You slash the sun demon!
The sun demon hits you but does no damage.
You slash the sun demon! You headbutt the sun demon.
You kill the sun demon!
Trog accepts your kill.
You climb upwards.
There is a stone staircase leading down here.
There is a stone staircase leading up here.
You climb upwards.
There is a stone staircase leading down here.
There is an open door here.
You open the door.
There is an open door here.
There is a strange disturbance nearby!
Put on which piece of jewellery? (? for menu, Esc to quit)
You remove your +4 ring of protection.
D - the ring "Fitwurun" (right hand) {+Blink rN+ SInv} A lorocyproca comes into view.
You slice the lorocyproca!! You burn the lorocyproca! The lorocyproca hits you!
You feel your power leaking away.
Unknown command.
You slice the lorocyproca like a ripe choko!!!
You burn the lorocyproca.
You kill the lorocyproca!
Trog accepts your kill.
Put on which piece of jewellery? (? for menu, Esc to quit)
You're wearing all the rings you can.
Remove which one? (? for menu, Esc to cancel) < or
B - a +4 ring of protection > or
D - the ring "Fitwurun" {+Blink rN+ SInv} You remove the ring "Fitwurun" {+Blink rN+ SInv}.
M - a +4 ring of protection (right hand)
There is a large open door here.
There is a staircase leading out of the dungeon here.
You have escaped!

##...####.........
#####.......'...).....
#........####.........
#..####..# ##.......#
#....##..# ##.....##
###''###.# ##...##
##.##.##.# ##'##
#.##...#.# #####.##
#.##.@.######......##
#.##....###)........#
#.#8####.##.#.##....#
##.......##.#.#.....#
##########.........##
#.........#.#.......
#.....###.........##
##...## ###.####.##
##### #......#


There were no monsters in sight!

Vanquished Creatures
  2 ancient liches
  A juggernaut (Depths:4)
  7 orbs of fire (Zot:5)
  the Lernaean hydra (Swamp:4)
  3 Killer Klowns (Zot:5)
  Saint Roka (Vaults:2)
  Bai Suzhen (Depths:1)
  A curse toe (Zot:3)
  4 caustic shrikes
  Nikola (Spider:3)
  Arachne (Spider:4)
  Jory (Depths:3)
  12 golden dragons
  3 electric golems
  A hellephant (Zot:2)
  2 liches
  20 tentacled monstrosities
  A Brimstone Fiend (Depths:1)
  Jorgrun (Orc:1)
  26 Orb Guardians
  6 quicksilver dragons
  An acid blob (Depths:3)
  6 titans
  5 tengu reavers
  6 sphinxes
  9 shadow dragons
  10 death cobs
  Kirke (D:15)
  Gastronok (Orc:1)
  15 storm dragons
  A thorn hunter (Swamp:3)
  Donald (Spider:3)
  4 draconian monks
  2 azure jellies (Depths:3)
  8 fire giants
  6 frost giants
  3 iron dragons
  6 draconian knights
  5 draconian shifters
  9 ghost moths
  6 draconian scorchers
  Louise (Spider:1)
  2 orc warlords
  10 emperor scorpions
  2 deep elf sorcerers
  15 vault wardens
  A balrug (Depths:1)
  7 draconian annihilators
  3 draconian stormcallers
  16 ironheart preservers
  3 spriggan defenders
  2 war gargoyles (Vaults:5)
  19 stone giants
  23 very ugly things
  An entropy weaver (Vaults:4)
  16 green draconians
  2 deep elf demonologists
  4 vampire knights
  7 black draconians
  2 dire elephants (Zot:2)
  Azrael (Spider:1)
  9 white draconians
  21 purple draconians
  A lorocyproca (D:1)
  7 deep elf annihilators
  16 red draconians
  10 spark wasps
  A minotaur (Gauntlet)
  The ghost of ArcanElement the Thaumaturge, a journeyman DEWz of Sif Muna (Lair:5)
  11 yellow draconians
  4 deep elf death magi
  2 death oozes (Depths:3)
  The ghost of Thantalas the Covert, a journeyman FoVM of Vehumet (Lair:2)
  16 ettins
  9 ogre magi
  2 fire dragons
  9 statues (WizLab)
  14 yaktaur captains
  5 deep elf high priests
  9 great orbs of eyes
  4 rakshasas
  12 ice dragons
  18 hydras
  6 spriggan air magi
  Erica (Lair:1)
  A merfolk avatar (Lair:6)
  41 vault guards
  3 shambling mangroves
  27 two-headed ogres
  A ghost crab (Swamp:2)
  17 centaur warriors
  20 alligators
  A death knight (Vaults:4)
  9 spriggan berserkers
  17 deep troll shamans
  2 tengu warriors
  12 deep troll earth magi
  A naga sharpshooter (D:15)
  A dancing weapon (Vaults:5)
  2 vampire magi
  An orc high priest (D:15)
  3 sun demons
  3 deep elf knights (Vaults:1)
  A soul eater (Depths:3)
  2 sixfirhies
  10 skeletal warriors
  2 hell knights (Depths:5)
  3 iron trolls
  2 death drakes (shapeshifter) (Depths:2)
  10 swamp dragons
  3 wizards
  3 spriggan druids (Swamp:4)
  3 unseen horrors
  6 flayed ghosts
  3 glowing orange brains
  2 sea snakes (Lair:6)
  37 deep trolls
  20 ironbrand convokers
  6 harpies
  A glowing orange brain (shapeshifter) (Depths:4)
  9 deep elf archers
  A phantasmal warrior (Depths:1)
  3 necromancers
  40 ugly things
  15 orc knights
  A faun (shapeshifter) (Vaults:2)
  2 wolf spider zombies (D:15)
  A cyclops (shapeshifter) (D:15)
  7 cyclopes
  24 orb spiders
  26 wolf spiders
  40 deep elf magi
  9 orc sorcerers
  3 manticores
  A manticore (shapeshifter) (Vaults:1)
  2 water nymphs (shapeshifter)
  2 black mambas (shapeshifter)
  13 elephants
  A toenail golem (Depths:5)
  A spiny frog (shapeshifter) (D:15)
  7 black mambas
  A naga mage (D:15)
  19 vault sentinels
  A frost giant skeleton (Vaults:3)
  4 torpor snails
  A storm dragon simulacrum (Vaults:3)
  24 moths of wrath
  17 spiny frogs
  2 gargoyles
  4 rime drakes
  55 yaktaurs
  A kobold demonologist (D:15)
  17 demonic crawlers
  6 tengu conjurers
  7 komodo dragons
  6 freezing wraiths
  An efreet (D:15)
  A hellwing (Depths:3)
  51 jumping spiders
  6 trolls
  6 polar bears (Lair:6)
  Grinder (D:6)
  31 hornets
  A shadow dragon simulacrum (Vaults:3)
  8 tyrant leeches
  46 slime creatures
  A hornet (shapeshifter) (D:15)
  16 bog bodies
  A dream sheep (shapeshifter) (Depths:2)
  8 hippogriffs
  A dream sheep (Lair:5)
  10 blink frogs
  5 large abominations (Depths:1)
  A fire giant simulacrum (Depths:1)
  A redback (shapeshifter) (Vaults:5)
  2 vampires (Vaults:3)
  2 shadows
  67 redbacks
  A spriggan skeleton (Depths:1)
  29 tarantellas
  A human (Zot:2)
  An elf skeleton (Depths:1)
  16 spriggans
  A spriggan simulacrum (Depths:1)
  45 yaks
  4 wraiths
  4 wyverns
  3 hogs
  A golden eye (shapeshifter) (D:15)
  2 golden eyes (Depths:3)
  2 basilisks (shapeshifter)
  3 fire elementals (Spider:1)
  2 hungry ghosts
  27 vampire mosquitoes
  Menkaure (D:6)
  12 wargs
  3 nagas (D:15)
  6 insubstantial wisps (Swamp:3)
  18 swamp worms
  8 water moccasins
  6 floating eyes
  10 porcupines
  2 hornet zombies
  A human skeleton (Depths:1)
  6 sky beasts
  3 hell hounds (Spider:1)
  28 orc warriors
  2 ice beasts
  12 swamp drakes
  An eye of draining (D:12)
  A necrophage (D:8)
  13 wolves
  19 centaurs
  27 ogres
  3 phantoms
  11 boggarts
  11 crocodiles
  12 bullfrogs
  A big kobold (shapeshifter) (Depths:1)
  4 big kobolds
  7 small abominations (Depths:1)
  3 scorpions
  A scorpion (shapeshifter) (Vaults:5)
  4 killer bees (D:10)
  12 wights
  7 electric eels
  2 howler monkeys
  11 crimson imps
  2 bullfrog zombies (D:11)
  12 hounds
  2 bullfrog skeletons (D:13)
  3 centaur zombies
  8 centaur skeletons
  10 jellies
  12 orc priests
  50 orc wizards
  2 iron imps
  5 iguanas
  12 worker ants
  4 hound skeletons
  A worker ant zombie (D:11)
  11 gnolls
  13 adders
  4 shadow imps
  A worm (D:2)
  2 dart slugs (D:2)
  4 leopard geckos
  112 orcs
  4 giant cockroaches
  5 goblins
  8 hobgoblins
  8 jackals
  4 quokkas
  A ball python skeleton (D:4)
  11 bats
  2 frilled lizards
  31 kobolds
  A quokka zombie (D:5)
  9 rats
  2 briar patches (Swamp:3)
  3 crawling corpses (Vaults:4)
  A fungus (Lair:6)
2213 creatures vanquished.

Vanquished Creatures (collateral kills)
  2 thorn hunters
  A vault warden (Vaults:3)
  A yaktaur captain (Depths:3)
  A fire dragon (Depths:4)
  A hydra (Lair:3)
  An alligator (Swamp:2)
  A deep troll shaman (Depths:3)
  A deep troll (Depths:3)
  2 yaktaurs (Vaults:2)
  2 tyrant leeches (Swamp:3)
  A blink frog (Swamp:2)
  3 slime creatures (Swamp:3)
  A vampire (Vaults:3)
  A water moccasin (Lair:3)
19 creatures vanquished.

Vanquished Creatures (others)
  A yaktaur captain (Vaults:5)
  An ogre mage (Vaults:3)
  2 deep elf knights (Vaults:4)
  A phantasmal warrior (Depths:1)
  A wolf spider (Spider:2)
  An ice devil (Zot:1)
  An orc wizard (Orc:2)
  3 briar patches
  3 bushes (Swamp:4)
  17 fungi
  3 plants
34 creatures vanquished.

Grand Total: 2266 creatures vanquished

Notes
Turn   | Place    | Note
-------+----------+-------------------------------------------
     0 | D:1      | kongol the Minotaur Berserker began the quest for the Orb.
     0 | D:1      | Reached XP level 1. HP: 19/19 MP: 0/0
   482 | D:1      | Reached XP level 2. HP: 26/26 MP: 1/1
  1250 | D:2      | Reached ** piety under Trog
  1262 | D:2      | Found an opulent altar of Gozag.
  1304 | D:2      | Reached skill level 5 in Axes
  1459 | D:2      | Found a faded altar of an unknown god.
  1462 | D:2      | Reached XP level 3. HP: 30/31 MP: 2/2
  1836 | D:2      | Reached XP level 4. HP: 19/39 MP: 3/3
  2936 | D:3      | Found a bloodstained altar of Trog.
  3333 | D:4      | Reached XP level 5. HP: 45/45 MP: 4/4
  3385 | D:4      | Noticed an ogre
  3440 | D:4      | Found a staircase to the Ecumenical Temple.
  3499 | D:4      | Found a blossoming altar of Fedhas.
  3543 | D:4      | Reached *** piety under Trog
  3607 | D:4      | Reached XP level 6. HP: 48/52 MP: 5/5
  4339 | D:4      | Found a white marble altar of Elyvilon.
  4342 | D:4      | Found a shimmering altar of Xom.
  4345 | D:4      | Found a shadowy altar of Dithmenos.
  4597 | D:5      | Entered Level 5 of the Dungeon
  4739 | D:5      | Reached XP level 7. HP: 60/60 MP: 6/6
  4770 | D:5      | Reached skill level 5 in Fighting
  4940 | D:5      | You fall into a shaft and drop 1 floor!
  5024 | D:6      | Noticed Menkaure
  5035 | D:6      | Killed Menkaure
  5035 | D:6      | Reached skill level 10 in Axes
  5436 | D:6      | Identified the cursed +0 ring mail "Xein Ess" {Int+3}
  5436 | D:6      | Identified a ring of the Octopus King {AC+1 EV+1 Str+1
                  | Int+1 Dex+1 Stlth+}
  5545 | D:5      | Reached XP level 8. HP: 70/70 MP: 7/7
  5703 | D:5      | Found a runed translucent door.
  5704 | D:5      | Noticed Crazy Yiuf
  5945 | D:5      | Found a stormy altar of Qazlal.
  5957 | D:5      | Found a blossoming altar of Fedhas.
  6138 | D:6      | Noticed Grinder
  6174 | D:6      | Killed Grinder
  6358 | D:6      | Reached **** piety under Trog
  7246 | D:7      | Found an ornate altar of the Wu Jian Council.
  7249 | D:7      | Found a glowing golden altar of the Shining One.
  7252 | D:7      | Found a hazy altar of Hepliaklqana.
  7380 | D:8      | Reached XP level 9. HP: 81/81 MP: 8/8
  7745 | D:8      | Reached skill level 5 in Armour
  8798 | D:9      | Reached ***** piety under Trog
  8982 | D:9      | Found a staircase to the Lair.
  9188 | D:9      | Noticed a two-headed ogre
  9198 | D:9      | Killed a two-headed ogre
  9198 | D:9      | Reached skill level 10 in Fighting
  9198 | D:9      | Reached XP level 10. HP: 93/93 MP: 9/9
  9438 | D:10     | Entered Level 10 of the Dungeon
  9536 | D:10     | Killed an unseen horror
  9817 | D:10     | Received a gift from Trog
  9939 | D:10     | Noticed a two-headed ogre
  9950 | D:10     | Killed a two-headed ogre
 10227 | D:10     | Found a staircase to the Orcish Mines.
 10390 | D:10     | Found Mufiow's General Store.
 10412 | D:10     | Bought a potion of heal wounds for 70 gold pieces
 10412 | D:10     | Bought a scroll of noise for 14 gold pieces
 10412 | D:10     | Bought a scroll of random uselessness for 14 gold pieces
 10453 | D:10     | Reached skill level 10 in Armour
 10456 | D:10     | Reached XP level 11. HP: 89/104 MP: 10/10
 10523 | D:10     | Received a gift from Trog
 10898 | Lair:1   | Entered Level 1 of the Lair of Beasts
 11193 | Lair:1   | Noticed an oklob plant
 12229 | Lair:1   | Noticed Erica
 12254 | Lair:1   | Killed Erica
 12999 | Lair:2   | Found a blossoming altar of Fedhas.
 13000 | Lair:2   | Noticed an oklob plant
 13270 | Lair:2   | Found a hole to the Spider Nest.
 13343 | Lair:2   | Found a transporter.
 13347 | Lair:2   | Noticed Thantalas's ghost (journeyman FoVM)
 13621 | Lair:2   | Found a transporter.
 14026 | Lair:2   | Reached skill level 5 in Dodging
 14155 | Lair:2   | Received a gift from Trog
 14155 | Lair:2   | Reached XP level 12. HP: 104/115 MP: 11/11
 14403 | Lair:2   | Found a staircase to the Swamp.
 14604 | Lair:3   | Noticed a six-headed hydra
 14616 | Lair:3   | Killed a five-headed hydra
 14800 | Lair:3   | Got a tattered robe
 15076 | Lair:3   | Got a pitted halberd
 15368 | Lair:4   | Found a runed translucent door.
 15678 | Lair:4   | Found the +10 Black Knight's horse barding {ponderous,
                  | rPois rN+}
 16012 | Lair:4   | Noticed Brisketman's ghost (journeyman MfGl)
 16059 | Lair:5   | Found a gate leading to a gauntlet.
 16081 | Gauntlet | Entered a Gauntlet
 16081 | Gauntlet | Found a transporter.
 16094 | Gauntlet | Found a transporter.
 16097 | Gauntlet | Found a transporter.
 16109 | Gauntlet | Found a transporter.
 16111 | Gauntlet | Found a transporter.
 16115 | Gauntlet | Found a runed translucent door.
 16117 | Gauntlet | Found a runed translucent door.
 16119 | Gauntlet | Found a transporter.
 16135 | Gauntlet | Found a transporter.
 16157 | Gauntlet | Found a transporter.
 16162 | Gauntlet | Noticed a green death
 16164 | Gauntlet | Noticed a death scarab
 16167 | Gauntlet | Found a transporter.
 16170 | Gauntlet | Noticed a death scarab
 16181 | Gauntlet | Found a transporter.
 16191 | Gauntlet | Found a transporter.
 16191 | Gauntlet | Found a transporter.
 16375 | Gauntlet | Found a transporter.
 16407 | Gauntlet | Got a crude pewter ring
 16410 | Gauntlet | Got a pitted hat
 16554 | Gauntlet | Noticed a minotaur
 16562 | Gauntlet | Killed a minotaur
 16827 | Lair:5   | Identified the cursed -5 hat "Afiamior" {*Contam rPois
                  | rCorr} (You found it in a Gauntlet)
 16829 | Lair:5   | Identified the ring "Zicroiv" {rF- rCorr Int+5} (You found
                  | it in a Gauntlet)
 16902 | Lair:5   | Found a transporter.
 17081 | Lair:5   | Found a transporter.
 17081 | Lair:5   | Noticed ArcanElement's ghost (journeyman DEWz)
 17760 | Lair:6   | Entered Level 6 of the Lair of Beasts
 17760 | Lair:6   | Noticed a seven-headed hydra
 17767 | Lair:6   | Killed a four-headed hydra
 17926 | Lair:6   | Reached skill level 15 in Axes
 18492 | Lair:6   | Reached XP level 13. HP: 125/125 MP: 12/12
 19623 | Lair:6   | Got a pitted lapis lazuli ring
 19628 | Lair:6   | Identified the ring "Biynlili" {rPois rC+ Str-5 Stlth+}
                  | (You found it on level 6 of the Lair of Beasts)
 19661 | Lair:6   | Gained mutation: You occasionally shout uncontrollably at
                  | your foes. [mutagenic glow]
 20034 | Lair:6   | Found a viscous altar of Jiyva.
 20034 | Lair:6   | Found a staircase to the Slime Pits.
 20219 | Lair:2   | Killed Thantalas's ghost
 20482 | Orc:1    | Entered Level 1 of the Orcish Mines
 20486 | Orc:1    | Noticed an orc warlord
 20505 | Orc:1    | Noticed Gastronok
 20506 | Orc:1    | Noticed Jorgrun
 20526 | D:10     | Killed an orc warlord
 20526 | D:10     | Reached skill level 15 in Fighting
 21199 | D:11     | Reached skill level 1 in Throwing
 23102 | D:13     | Reached XP level 14. HP: 133/135 MP: 13/13
 24328 | D:14     | Received a gift from Trog
 25255 | D:14     | Received a gift from Trog
 25291 | D:14     | Reached skill level 5 in Throwing
 25941 | D:14     | Found a gate to the Vaults.
 26013 | D:15     | Entered Level 15 of the Dungeon
 26047 | D:15     | Found Beco's Antique Weapon Shop.
 26083 | D:15     | Got a steaming spear
 26099 | D:15     | Paralysed by a floating eye for 3 turns
 26106 | D:15     | Received a gift from Trog
 26321 | D:15     | Got a crude wooden ring
 26322 | D:15     | Identified the ring "Paash" {EV+2 Slay+2 Stlth+} (You found
                  | it on level 15 of the Dungeon)
 26343 | D:15     | Found Soeg's Armour Shoppe.
 26354 | D:15     | Paralysed by a floating eye for 3 turns
 26570 | D:15     | Got a warped chain mail
 26730 | D:15     | Identified the +4 chain mail of the Rabble {rCorr SInv}
                  | (You found it on level 15 of the Dungeon)
 26972 | D:15     | Got a glittering bronze ring
 26992 | D:15     | Found Sitodar's Book Boutique.
 27016 | D:15     | Reached XP level 15. HP: 132/146 MP: 12/14
 27025 | D:15     | Identified the ring "Fitwurun" {+Blink rN+ SInv} (You found
                  | it on level 15 of the Dungeon)
 27100 | D:15     | Reached skill level 1 in Evocations
 27270 | D:15     | Found a staircase to the Depths.
 27657 | D:15     | Noticed Kirke
 27915 | D:15     | Killed Kirke
 27915 | D:15     | Received a gift from Trog
 28016 | D:15     | Got a slimy pewter ring
 28017 | D:15     | Identified the ring "Utrij" {*Tele rN+ Dex-5 SInv} (You
                  | found it on level 15 of the Dungeon)
 28429 | Swamp:1  | Entered Level 1 of the Swamp
 28454 | Swamp:1  | Received a gift from Trog
 29233 | Swamp:1  | You fall into a shaft and drop 1 floor!
 31115 | Swamp:2  | Noticed a thorn hunter
 31367 | Swamp:2  | Received a gift from Trog
 31602 | Swamp:2  | Killed a thorn hunter
 31952 | Swamp:2  | Reached skill level 5 in Evocations
 32112 | Swamp:2  | Received a gift from Trog
 32257 | Swamp:2  | Upgraded the game from 0.24-a0-521-g122614b to
                  | 0.24-a0-524-gf43b32f
 32288 | Swamp:2  | Reached XP level 16. HP: 147/157 MP: 18/18
 32590 | Swamp:3  | Noticed a thorn hunter
 32867 | Swamp:3  | Killed a thorn hunter
 33537 | Swamp:3  | Received a gift from Trog
 33641 | Swamp:3  | Noticed a thorn hunter
 33973 | Swamp:3  | Killed a thorn hunter
 33973 | Swamp:3  | Reached skill level 10 in Throwing
 34335 | Swamp:4  | Entered Level 4 of the Swamp
 35264 | Swamp:4  | Noticed a tentacled monstrosity
 35278 | Swamp:4  | Killed a tentacled monstrosity
 35860 | Swamp:4  | Received a gift from Trog
 36142 | Swamp:4  | Reached skill level 15 in Armour
 36152 | Swamp:4  | Received a gift from Trog
 36534 | Swamp:4  | Noticed the 27-headed Lernaean hydra
 36550 | Swamp:4  | Killed the 27-headed Lernaean hydra
 36579 | Swamp:4  | Got a decaying rune of Zot
 37086 | Spider:1 | Entered Level 1 of the Spider Nest
 37169 | Spider:1 | Reached XP level 17. HP: 168/168 MP: 19/19
 37225 | Spider:1 | You fall into a shaft and drop 1 floor!
 37529 | Spider:2 | Got a twitching garnet amulet
 37532 | Spider:2 | Identified the amulet of the Greedy {Faith *Corrode rElec
                  | rPois Stlth+} (You found it on level 2 of the Spider Nest)
 37655 | Spider:2 | Received a gift from Trog
 38757 | Spider:1 | Received a gift from Trog
 39341 | Spider:2 | Identified a scroll of acquirement
 39342 | Spider:2 | Found the +3 warlock's mirror {reflect}
 39594 | Spider:2 | Got a scorched war axe
 39595 | Spider:2 | Identified the +0 war axe "Transmigrator" {speed, +Fly rN+
                  | Int+6} (You found it on level 2 of the Spider Nest)
 39969 | Spider:1 | Noticed Louise
 39982 | Spider:1 | Noticed Azrael
 39993 | Spider:1 | Killed Azrael
 40381 | Spider:1 | Killed Louise
 40801 | Spider:3 | Noticed Donald
 41202 | Spider:3 | Reached ****** piety under Trog
 41315 | Spider:3 | Received a gift from Trog
 41354 | Spider:3 | Noticed Nikola
 42012 | Spider:3 | Killed Nikola
 42633 | Spider:3 | Killed Donald
 43024 | Spider:4 | Entered Level 4 of the Spider Nest
 43594 | Spider:4 | Received a gift from Trog
 43894 | Spider:4 | Reached XP level 18. HP: 45/178 MP: 21/21
 44762 | Spider:4 | Noticed Arachne
 44926 | Spider:4 | Killed Arachne
 46599 | Spider:4 | Got a gossamer rune of Zot
 46990 | Vaults:1 | Entered Level 1 of the Vaults
 47424 | Vaults:1 | Received a gift from Trog
 47965 | Vaults:1 | Received a gift from Trog
 48367 | Vaults:1 | Found Tak Zuy's General Store.
 48488 | Vaults:1 | Received a gift from Trog
 49212 | Orc:1    | Killed Gastronok
 49235 | Orc:1    | Killed Jorgrun
 49670 | Orc:2    | Entered Level 2 of the Orcish Mines
 49850 | Orc:2    | Received a gift from Trog
 50059 | Orc:2    | Found Voexal's Magic Scroll Shop.
 50059 | Orc:2    | Found Aggio's Book Emporium.
 50064 | Orc:2    | Bought a scroll of enchant weapon for 112 gold pieces
 50064 | Orc:2    | Bought a scroll of enchant weapon for 112 gold pieces
 50130 | Orc:2    | Found Veuthry's Antique Armour Shop.
 50130 | Orc:2    | Found Reinkoawk's Gadget Emporium.
 50134 | Orc:2    | Reached XP level 19. HP: 176/189 MP: 24/24
 50250 | Orc:2    | Found Nyonuthe's Magic Scroll Emporium.
 50265 | Orc:2    | Bought a scroll of enchant weapon for 90 gold pieces
 50265 | Orc:2    | Bought a scroll of enchant weapon for 90 gold pieces
 50265 | Orc:2    | Bought a scroll of enchant weapon for 90 gold pieces
 50298 | Orc:2    | Found a staircase to the Elven Halls.
 50431 | Orc:2    | Found a roughly hewn altar of Beogh.
 50795 | Vaults:2 | Received a gift from Trog
 51447 | Vaults:2 | Received a gift from Trog
 51942 | Vaults:2 | Received a gift from Trog
 51980 | Vaults:2 | Noticed a lich
 51985 | Vaults:2 | Killed a lich
 52009 | Vaults:2 | Reached skill level 10 in Dodging
 52267 | Vaults:2 | Noticed Saint Roka
 52296 | Vaults:2 | Killed Saint Roka
 53596 | Vaults:3 | Received a gift from Trog
 53616 | Vaults:3 | Received a gift from Trog
 54356 | Vaults:3 | Found a staircase to the Crypt.
 54402 | Vaults:3 | Received a gift from Trog
 54530 | Vaults:3 | Reached XP level 20. HP: 200/200 MP: 25/25
 54571 | Vaults:3 | Received a gift from Trog
 55062 | Vaults:3 | Received a gift from Trog
 55181 | Vaults:3 | Got a translucent triple crossbow {god gift}
 55607 | Vaults:4 | Received a gift from Trog
 55705 | Vaults:4 | Received a gift from Trog
 56065 | Vaults:4 | Found Tibah's Gadget Shop.
 56092 | Vaults:4 | Received a gift from Trog
 56833 | Vaults:4 | Found Ypiyxesm's Food Emporium.
 57105 | Vaults:4 | Found Vuwussor's Antique Weapon Boutique.
 57153 | Vaults:4 | Found a gateway to a bazaar.
 57320 | Bazaar   | Entered a bazaar
 57324 | Bazaar   | Found Ciloh's Antique Armour Boutique.
 57342 | Bazaar   | Found Riakipic's Antique Armour Emporium.
 57347 | Bazaar   | Bought a faintly glowing plate armour for 756 gold pieces
 57359 | Bazaar   | Found Vyqeq Idunna's Assorted Antiques.
 57364 | Bazaar   | Bought a pair of runed gloves for 180 gold pieces
 57376 | Bazaar   | Found Ufashr Enihe's General Store.
 57413 | Bazaar   | Bought a scroll of identify for 48 gold pieces
 57413 | Bazaar   | Bought a scroll of teleportation for 72 gold pieces
 57413 | Bazaar   | Bought a scroll of teleportation for 72 gold pieces
 57459 | Bazaar   | Bought 5 atropa-tipped darts for 24 gold pieces
 57459 | Bazaar   | Bought the ring of Qojelujo {rElec Dex+4 SInv} for 299 gold
                  | pieces
 57459 | Bazaar   | Bought a phantom mirror for 240 gold pieces
 57483 | Bazaar   | Identified the +8 plate armour "Matzuir" {rF- rC+++ Dex+5
                  | Stlth-} (You bought it in a shop in a bazaar)
 57526 | Vaults:4 | Identified the +9 triple crossbow "Grim Tooth" {flame,
                  | Int+2 Dex+2 Stlth+} (Trog gifted it to you on level 3 of
                  | the Vaults)
 58155 | Vaults:4 | Reached XP level 21. HP: 211/211 MP: 26/26
 58198 | Vaults:4 | Reached skill level 15 in Throwing
 58210 | Vaults:4 | Received a gift from Trog
 58699 | Depths:1 | Entered Level 1 of the Depths
 58701 | Depths:1 | Found Dizelesm's Assorted Antiques.
 58999 | Depths:1 | Found Untaufum's Armour Shoppe.
 59419 | Depths:1 | Noticed Bai Suzhen
 59436 | Depths:1 | Killed Bai Suzhen
 59978 | Depths:1 | Found Veadaq's Distillery.
 60133 | Depths:1 | Found Oreosaar's Assorted Antiques.
 60183 | Depths:1 | Received a gift from Trog
 60510 | Depths:1 | Found a gateway to Hell.
 60647 | Depths:2 | Found a magical portal.
 60667 | Depths:2 | Received a gift from Trog
 60823 | WizLab   | Entered Iskenderun's Mystic Tower
 62086 | WizLab   | Got an ancient long sword
 62097 | WizLab   | Identified Iskenderun's Incunabulum of Attacks
 62097 | WizLab   | Identified Iskenderun's Reference Book on Conjuration
 62999 | Depths:2 | Noticed a golden dragon
 63406 | Depths:2 | Received a gift from Trog
 63875 | Depths:2 | Reached XP level 22. HP: 222/222 MP: 27/27
 64086 | Depths:2 | Killed a golden dragon
 64604 | Depths:2 | Received a gift from Trog
 64610 | Depths:2 | Got a smoking hunting sling {god gift}
 64611 | Depths:2 | Identified the +9 hunting sling "Siotius" {speed, rF+ SInv}
                  | (Trog gifted it to you on level 2 of the Depths)
 66183 | Depths:2 | Noticed a caustic shrike
 66193 | Depths:2 | Killed a caustic shrike
 66973 | Depths:3 | Noticed Jory
 66988 | Depths:3 | Killed Jory
 67174 | Depths:3 | Found a one-way gate leading to the halls of Pandemonium.
 67192 | Depths:3 | Found a flickering gateway to a bazaar.
 67205 | Bazaar   | Entered a bazaar
 67205 | Bazaar   | Found Dezein's Armour Shop.
 67205 | Bazaar   | Found Lobbogem's Book Emporium.
 67205 | Bazaar   | Found Beculoli's Magic Scroll Shop.
 67205 | Bazaar   | Found Erezekh's Antique Armour Shoppe.
 67207 | Bazaar   | Found Mempupt's Magic Scroll Boutique.
 67207 | Bazaar   | Found Aggeacre's Magic Scroll Shoppe.
 67230 | Bazaar   | Bought a transparent plate armour for 588 gold pieces
 67235 | Bazaar   | Identified the +4 plate armour of Limited Liability {*Slow
                  | +Blink MR+ Str+4} (You bought it in a shop in a bazaar)
 67247 | Bazaar   | Bought a scroll of remove curse for 30 gold pieces
 67247 | Bazaar   | Bought a scroll of identify for 20 gold pieces
 67247 | Bazaar   | Bought a scroll of teleportation for 30 gold pieces
 67247 | Bazaar   | Bought a scroll of teleportation for 30 gold pieces
 67247 | Bazaar   | Bought a scroll of identify for 20 gold pieces
 67247 | Bazaar   | Bought a scroll of identify for 20 gold pieces
 67247 | Bazaar   | Bought a scroll of remove curse for 30 gold pieces
 67252 | Bazaar   | Bought a scroll of identify for 14 gold pieces
 67252 | Bazaar   | Bought a scroll of teleportation for 21 gold pieces
 67252 | Bazaar   | Bought a scroll of teleportation for 21 gold pieces
 67252 | Bazaar   | Bought a scroll of teleportation for 21 gold pieces
 67252 | Bazaar   | Bought a scroll of remove curse for 21 gold pieces
 67252 | Bazaar   | Bought a scroll of enchant weapon for 52 gold pieces
 67252 | Bazaar   | Bought a scroll of acquirement for 364 gold pieces
 67252 | Bazaar   | Bought a scroll of fear for 24 gold pieces
 67252 | Bazaar   | Bought a scroll of teleportation for 21 gold pieces
 67255 | Bazaar   | Bought a scroll of identify for 20 gold pieces
 67255 | Bazaar   | Bought a scroll of identify for 20 gold pieces
 67255 | Bazaar   | Bought a scroll of teleportation for 30 gold pieces
 67255 | Bazaar   | Bought a scroll of identify for 20 gold pieces
 67255 | Bazaar   | Bought a scroll of teleportation for 30 gold pieces
 67255 | Bazaar   | Bought a scroll of enchant armour for 75 gold pieces
 67255 | Bazaar   | Bought a scroll of magic mapping for 35 gold pieces
 67255 | Bazaar   | Bought a scroll of identify for 20 gold pieces
 67255 | Bazaar   | Bought a scroll of teleportation for 30 gold pieces
 67255 | Bazaar   | Bought a scroll of enchant armour for 75 gold pieces
 67276 | Bazaar   | Bought a scroll of remove curse for 21 gold pieces
 67279 | Bazaar   | Bought a scroll of remove curse for 30 gold pieces
 67301 | Bazaar   | Upgraded the game from 0.24-a0-524-gf43b32f to
                  | 0.24-a0-525-g9231cdc
 67307 | Depths:3 | Got a warped hat
 67308 | Depths:3 | Identified the +4 hat of Gadal {rPois rN++ Slay+5 Stlth-}
                  | (You acquired it on level 3 of the Depths)
 67345 | Depths:3 | Received a gift from Trog
 67357 | Depths:3 | Found a one-way gate to the infinite horrors of the Abyss.
 67875 | Depths:3 | Found a transporter.
 67875 | Depths:3 | Found a transporter.
 68245 | Depths:4 | Found a gateway to a ziggurat.
 68478 | Depths:4 | Identified Bidatiaxti's Incunabulum of Enthralling Flight
 68506 | Depths:4 | Noticed a caustic shrike
 68512 | Depths:4 | Killed a caustic shrike
 68795 | Depths:4 | Noticed a caustic shrike
 68798 | Depths:4 | Killed a caustic shrike
 68999 | Depths:4 | Noticed a juggernaut
 69007 | Depths:4 | Killed a juggernaut
 69055 | Depths:4 | Reached XP level 23. HP: 209/231 MP: 28/28
 69065 | Depths:4 | Got a faintly glowing halberd
 69069 | Depths:4 | Noticed a caustic shrike
 69076 | Depths:4 | Got a slimy falchion
 69096 | Depths:4 | Killed a caustic shrike
 69098 | Depths:4 | Received a gift from Trog
 69246 | Depths:4 | Got an ichor-stained shield
 69406 | Depths:5 | Entered Level 5 of the Depths
 69440 | Depths:5 | Received a gift from Trog
 70198 | Depths:5 | Received a gift from Trog
 71108 | Depths:5 | Reached skill level 10 in Evocations
 71197 | Depths:5 | Found a gate to the Realm of Zot.
 71660 | D:10     | Bought 2 potions of haste for 280 gold pieces
 72521 | Orc:2    | Bought an embroidered cloak for 225 gold pieces
 72521 | Orc:2    | Bought a runed cloak for 225 gold pieces
 72854 | Vaults:5 | Entered Level 5 of the Vaults
 72875 | Vaults:5 | Reached skill level 1 in Slings
 72882 | Vaults:5 | Noticed an ancient lich
 72959 | Vaults:5 | Received a gift from Trog
 73372 | Vaults:5 | Reached XP level 24. HP: 196/241 MP: 29/29
 73385 | Vaults:5 | Received a gift from Trog
 73642 | Vaults:5 | Identified the amulet of the Locust {+Rage MR+}
 73742 | Vaults:5 | Identified the +7 hand axe "Cupheb" {antimagic, rElec rN+}
 73867 | Vaults:5 | Killed an ancient lich
 73867 | Vaults:5 | Received a gift from Trog
 73867 | Vaults:5 | Reached skill level 5 in Slings
 74171 | Vaults:5 | Received a gift from Trog
 74554 | Vaults:5 | Found Veiha's Distillery.
 74554 | Vaults:5 | Found Vyniyt's Food Boutique.
 74928 | Vaults:5 | Found Vibonut's Food Shoppe.
 74945 | Vaults:5 | Found Remoil's Food Shop.
 74953 | Vaults:5 | Found Orphosk's Food Emporium.
 74977 | Vaults:5 | Found Natuham's Distillery.
 74985 | Vaults:5 | Found Guamuopt's Food Shoppe.
 75000 | Vaults:5 | Found Ytoaxaq's Distillery.
 75083 | Vaults:5 | Got a silver rune of Zot
 75170 | Vaults:5 | Identified the Disquisition on Shifting Intoxication
 75807 | Depths:3 | Got a shimmering bone ring
 75808 | Depths:3 | Identified the ring "Lupreaf" {Str+6 Int+2 Stlth-} (You
                  | found it on level 3 of the Depths)
 75920 | Zot:1    | Entered Level 1 of the Realm of Zot
 76252 | Zot:1    | Received a gift from Trog
 77209 | Zot:1    | Reached XP level 25. HP: 210/253 MP: 31/31
 78640 | Zot:2    | Received a gift from Trog
 79089 | Zot:2    | Found the +8 autumn katana {slice, Clar}
 80233 | Zot:3    | Reached skill level 27 in Fighting
 82331 | Zot:4    | Received a gift from Trog
 82539 | Zot:4    | Reached XP level 26. HP: 264/266 MP: 31/31
 83086 | Zot:5    | Entered Level 5 of the Realm of Zot
 83775 | Zot:5    | Noticed an orb of fire
 83777 | Zot:5    | Killed an orb of fire
 83902 | Zot:5    | Noticed an orb of fire
 83908 | Zot:5    | Gained mutation: Scrolls take you a little longer to read.
                  | [an orb of fire]
 83909 | Zot:5    | Killed an orb of fire
 83976 | Zot:5    | Noticed an orb of fire
 83979 | Zot:5    | Gained mutation: You are resistant to hostile enchantments.
                  | (MR+) [an orb of fire]
 83982 | Zot:5    | Killed an orb of fire
 84356 | Zot:5    | Noticed an orb of fire
 84365 | Zot:5    | Noticed an orb of fire
 84374 | Zot:5    | Killed an orb of fire
 84378 | Zot:5    | Killed an orb of fire
 84380 | Zot:5    | Noticed an ancient lich
 84383 | Zot:5    | Noticed an orb of fire
 84544 | Zot:5    | Gained mutation: Scrolls take you longer to read. [an orb
                  | of fire]
 84546 | Zot:5    | Killed an orb of fire
 84554 | Zot:5    | Killed an ancient lich
 84596 | Zot:5    | Noticed an orb of fire
 84614 | Zot:5    | Killed an orb of fire
 85055 | Zot:5    | Reached XP level 27. HP: 273/273 MP: 33/33
 85154 | Zot:5    | Reached skill level 15 in Evocations
 85377 | Zot:5    | Reached skill level 27 in Armour
 86862 | Vaults:5 | Bought 2 potions of haste for 260 gold pieces
 86862 | Vaults:5 | Bought a potion of cancellation for 104 gold pieces
 86869 | Vaults:5 | Bought a potion of cancellation for 136 gold pieces
 87205 | Lair:5   | Killed ArcanElement's ghost
 87628 | Depths:1 | Bought a potion of mutation for 176 gold pieces
 87628 | Depths:1 | Bought a potion of mutation for 176 gold pieces
 87628 | Depths:1 | Bought a potion of mutation for 176 gold pieces
 88014 | Zot:5    | Got the Orb of Zot
 88339 | D:15     | Noticed Vatetuef the pandemonium lord
 88401 | D:13     | Received a gift from Trog
 88453 | D:9      | Noticed Maadee the pandemonium lord
 88694 | D:$      | Escaped with the Orb!

Levels and vault maps discovered:
D:1:      saegor_arrival_simple_e, layout_loops_corners, kennysheep_flooded_box,
          lemuel_old_faithful
D:2:      layout_loops_ring, grunt_gozag_breadcrumbs,
          chequers_ecumenical_altar_simple, first_ration
D:3:      layout_rooms, trog_hazing_becter
D:4:      layout_loops_corners, minitemple, minmay_temple_entry_purple_smoke,
          fedhas_altar_1
D:5:      layout_loops_ring, grunt_temple_overflow_forces_of_nature,
          uniq_crazy_yiuf_cottage
D:6:      layout_basic, uniq_grinder, uniq_menkaure
D:7:      layout_basic, grunt_temple_overflow_diamond
D:8:      layout_basic
D:9:      layout_basic, lair_entry_dummy
D:10:     layout_loops_cross, erik_orc_1, serial_shops,
          nicolae_shop_temple_entry_statues_fountains
D:11:     layout_basic
D:12:     layout_gridville
D:13:     layout_basic
D:14:     layout_stronghold, hangedman_vaults_entry_quadrant_bands,
          grunt_pizzeria
D:15:     hangedman_spin_cycle, uniq_kirke
Lair:1:   layout_hall_layers, beast_lair_carwin_5, minmay_lair_oklob_chamber,
          uniq_erica
Lair:2:   layout_roguey, swamp_mist, spider_nest_entry_a, gammafunk_ghost_arena,
          lemuel_oklob_altar
Lair:3:   layout_small_grid, grunt_megastairs_4, infiniplex_staircase_pool_2
Lair:4:   layout_loops_ring, ebering_ghost_reflecting_pool,
          minmay_lair_oklob_bushes, lookout_lair_type
Lair:5:   layout_layer_cave, gauntlet_entry_generic, gammafunk_ghost_arena,
          lemuel_fruit_tree
Lair:6:   gammafunk_lair_ancient_temple, layout_hall_layers,
          dpeg_slime_entry_enclosed_altar, nicolae_lair_grove_arrangements,
          serial_bayou_shore_a
Swamp:1:  layout_falls_marsh, evilmike_swamp_ruin_house_1
Swamp:2:  layout_falls_marsh, nicolae_swamp_treefoil
Swamp:3:  layout_basic_swamp, infiniplex_staircase_pool, swamp_pool5,
          nicolae_swamp_round_clearing
Swamp:4:  grunt_swamp_rune_castle, layout_basic_swamp
Spider:1: layout_spider_delve, uniq_louise, uniq_azrael
Spider:2: layout_spider_delve
Spider:3: layout_spider_delve, drop_trap, uniq_nikola, uniq_donald
Spider:4: grunt_spider_rune_circles, uniq_arachne
Orc:1:    layout_diamond_mine, uniq_jorgrun, uniq_gastronok
Orc:2:    st_orc_town, layout_diamond_mine, serial_shops, shop
Vaults:1: v_misc_10, ontoclasm_vaults_fault, vaults_room_grid, v_misc_17,
          v_misc_18, vaults_room_ringed_pool, nicolae_vaults_little_squares_1,
          vaults_room_guarded_vault, layout_vaults_quadrants, serial_shops,
          nicolae_shop_waterfront
Vaults:2: st_octagons_2, nicolae_vaults_hallways_thing,
          ontoclasm_vaults_loading_screen, vaults_room_fancy_cross,
          vaults_room_grid, vaults_room_grunt_arrival_checkpoint,
          ontoclasm_vaults_shuriken, vaults_dpeg_diagonal,
          grunt_vaults_hallway_short, v_pattern_4, nicolae_vaults_rhombus_5,
          grunt_vaults_diagonal, v_misc_9, nicolae_vaults_asterisk,
          dpeg_vaults_monster_row, ontoclasm_vaults_misaligned,
          layout_vaults_big_cross, uniq_saint_roka
Vaults:3: hangedman_vaults_capsules, ontoclasm_vaults_ring_square, v_misc_18,
          minmay_crypt_entry_vampire_xt, hangedman_vaults_stream, v_rooms_4,
          v_alt_pattern_5, v_rooms_3, ontoclasm_vaults_gateway,
          grunt_vaults_hallway_short, layout_vaults_maze_snakey
Vaults:4: v_misc_1, nicolae_vaults_know_your_exits, nicolae_vaults_triangles,
          vaults_room_stairs_pillars, v_misc_3, dpeg_vaults_monster_box,
          vaults_dpeg_cross, vaults_room_corners, layout_vaults_big_room,
          serial_shops, bzr_entry_safe, shop, shop_coins, shop
Vaults:5: serial_shops
Depths:1: layout_forbidden_donut, minmay_misc_feat_ornament, lightli_too_deep,
          serial_shops, nicolae_shop_waterfront, shop, shop,
          nicolae_shop_crystal, minmay_misc_feat_alley, st_stairs_5, laboratory,
          uniq_bai_suzhen
Depths:2: minmay_four_inscribed_fans, layout_gridlike,
          infiniplex_enter_wizlab_water, grunt_hell_entry_dis_mu,
          minmay_crystal_room
Depths:3: gammafunk_jiyva_shrine, layout_basic, serial_shops, bzr_entry_dummy,
          abyss_entry, hellmouth_1, grunt_pan_entry_spiral, corner_web_ring,
          uniq_jory
Depths:4: minmay_strange_plus, layout_cave_shapes, enter_ziggurat_a,
          hangedman_decor_peaks_small, abyss_entry, hell_entry,
          kennysheep_generic_room_13
Depths:5: grunt_zot_entry_gee_three, layout_small_grid, hex_tiny, hell_entry
Zot:1:    layout_concentric_octagons, grunt_megastairs_2
Zot:2:    circus_mu, layout_gridlike
Zot:3:    layout_concentric_octagons
Zot:4:    layout_twisted_circle, grunt_ministairs_4, lemuel_elevator
Zot:5:    layout_misc_corridors

Skill      XL: |  1  2  3  4  5  6  7  8  9 10 11 12 13 14 15 16 17 18 19 20 21 22 23 24 25 26 27 |
---------------+----------------------------------------------------------------------------------+-----
Axes           | 4 5 6 7 8 9 10 12 13 14 15 17 18 19 20 21 22 23 24 25 26 | 26.0
Fighting       | 4 6 8 10 12 13 14 15 16 17 19 20 21 22 23 24 25 27 | 27.0
Armour         | 3 7 10 12 13 14 15 16 17 18 19 20 21 24 26 27 | 27.0
Dodging        | 5 7 9 10 11 12 13 | 13.0
Throwing       | 2 7 9 10 12 13 14 15 16 | 16.3
Evocations     | 5 8 9 10 12 14 15 | 15.6
Slings         | 3 8 |  8.2

Action                   |  1- 3 |  4- 6 |  7- 9 | 10-12 | 13-15 | 16-18 | 19-21 | 22-24 | 25-27 || total
-------------------------+-------+-------+-------+-------+-------+-------+-------+-------+-------++-------
Melee: Hand axe          |    70 |    90 |       |     8 |       |       |       |       |       ||   168
       Headbutt          |    11 |    19 |    55 |   139 |   204 |   188 |   242 |   211 |   159 ||  1228
       War axe           |       |    15 |   271 |   425 |       |       |       |       |       ||   711
       Battleaxe         |       |       |       |   108 |   915 |    72 |       |       |       ||  1095
       Unarmed           |       |       |       |       |    14 |       |       |       |       ||    14
       Executioner's axe |       |       |       |       |       |   892 |   922 |   766 |   521 ||  3101
       Fustibalus        |       |       |       |       |       |       |       |     1 |       ||     1
 Fire: Hunting sling     |       |       |     8 |     4 |       |       |       |     8 |       ||    20
       Fustibalus        |       |       |       |       |   145 |   152 |   295 |   305 |   135 ||  1032
Throw: Stone             |    27 |    20 |    20 |    11 |       |       |       |       |       ||    78
       Javelin           |       |       |       |       |    14 |   178 |    29 |    34 |    48 ||   303
       Boomerang         |       |       |       |       |     4 |       |       |       |       ||     4
Invok: Berserk           |       |     1 |     2 |     5 |     6 |    20 |     5 |     5 |     5 ||    49
       Trog's Hand       |       |       |     1 |     5 |    10 |    10 |    12 |    19 |     9 ||    66
       Brothers in Arms  |       |       |       |     3 |     2 |     3 |     4 |     1 |       ||    13
 Abil: Evoke Blink       |       |       |       |       |     1 |       |       |       |       ||     1
Evoke: Wand              |       |       |       |       |       |     4 |       |       |       ||     4
       Fan of gales      |       |       |       |       |       |     1 |       |       |       ||     1
  Use: Scroll            |       |     3 |     4 |     5 |    13 |    20 |    11 |    28 |     5 ||    89
       Potion            |       |       |       |       |     1 |     3 |     1 |     6 |     5 ||    16
 Stab: Sleeping          |     1 |       |       |       |     1 |       |       |       |       ||     2
       Fleeing           |       |       |       |       |       |       |       |     1 |       ||     1
       Distracted        |       |       |       |       |       |       |       |     2 |       ||     2
  Eat: Chunk             |     3 |    10 |     8 |    19 |    66 |    75 |    46 |    29 |    18 ||   274
       Ration            |       |       |     2 |     5 |     5 |     2 |       |     7 |    10 ||    31
Armor: Animal skin       |    11 |     2 |       |       |       |       |       |       |       ||    13
       Ring mail         |       |    19 |    29 |       |       |       |       |       |       ||    48
       Scale mail        |       |       |    79 |    42 |    34 |       |       |       |       ||   155
       Chain mail        |       |       |       |   166 |   174 |   764 |   222 |       |       ||  1326
       Plate armour      |       |       |       |    40 |   237 |    12 |   159 |    12 |       ||   460
       Gold dragon scale |       |       |       |       |       |       |       |   591 |   428 ||  1019
Dodge: Dodged            |    44 |    61 |   127 |   292 |   484 |   963 |   515 |   411 |   277 ||  3174
       Deflected         |       |       |       |       |       |     2 |       |       |       ||     2
Block: Other             |       |       |       |       |       |       |       |    63 |    26 ||    89
       Reflection        |       |       |       |       |       |       |       |     3 |       ||     3

Table legend:
 A = Non-vault XP
 B = Vault XP
 C = Vault XP percentage of total XP
 D = Non-vault monster count
 E = Vault monster count
 F = Vault count percentage of total count
                 A         B        C        D         E       F
            +---------+---------+-------+---------+---------+-------
      Total |  804571 |  733630 |  47.7 |    1482 |     742 |  33.4
            +---------+---------+-------+---------+---------+-------
        D:1 |      32 |       0 |   0.0 |      20 |       0 |   0.0
        D:2 |      92 |       0 |   0.0 |      21 |       0 |   0.0
        D:3 |      30 |      11 |  26.8 |      12 |       6 |  33.3
        D:4 |     458 |       0 |   0.0 |      19 |       0 |   0.0
        D:5 |     615 |       0 |   0.0 |      17 |       0 |   0.0
        D:6 |     661 |     473 |  41.7 |      22 |       2 |   8.3
        D:7 |     407 |       0 |   0.0 |       6 |       0 |   0.0
        D:8 |    1050 |       0 |   0.0 |      23 |       0 |   0.0
        D:9 |    1736 |       0 |   0.0 |      35 |       0 |   0.0
       D:10 |    7484 |     562 |   7.0 |      38 |      17 |  30.9
       D:11 |    4624 |       0 |   0.0 |      47 |       0 |   0.0
       D:12 |    2707 |       0 |   0.0 |      27 |       0 |   0.0
       D:13 |    9007 |       0 |   0.0 |      41 |       0 |   0.0
       D:14 |    9216 |    7198 |  43.9 |      24 |      21 |  46.7
       D:15 |       0 |   36428 | 100.0 |       0 |      75 | 100.0
     Lair:1 |    4989 |    1943 |  28.0 |      26 |       7 |  21.2
     Lair:2 |    4729 |    2137 |  31.1 |      11 |       5 |  31.2
     Lair:3 |     760 |    1229 |  61.8 |       6 |       3 |  33.3
     Lair:4 |     975 |       0 |   0.0 |       3 |       0 |   0.0
     Lair:5 |       0 |    2330 | 100.0 |       0 |       5 | 100.0
     Lair:6 |    7507 |   10994 |  59.4 |      24 |      29 |  54.7
    Swamp:1 |   15567 |       0 |   0.0 |      45 |       0 |   0.0
    Swamp:2 |   17220 |       0 |   0.0 |      38 |       0 |   0.0
    Swamp:3 |   18501 |       0 |   0.0 |      45 |       0 |   0.0
    Swamp:4 |   20170 |   21671 |  51.8 |      44 |      33 |  42.9
   Spider:1 |    6785 |    3990 |  37.0 |      20 |       8 |  28.6
   Spider:2 |   25408 |       0 |   0.0 |      69 |       0 |   0.0
   Spider:3 |   16330 |    5426 |  24.9 |      42 |       2 |   4.5
   Spider:4 |   22640 |   29291 |  56.4 |      61 |      43 |  41.3
      Orc:1 |    2764 |    5045 |  64.6 |      22 |       2 |   8.3
      Orc:2 |    3806 |    4948 |  56.5 |      45 |      53 |  54.1
   Vaults:1 |   24182 |   12723 |  34.5 |      34 |      17 |  33.3
   Vaults:2 |   32004 |   38329 |  54.5 |      58 |      50 |  46.3
   Vaults:3 |   36935 |   24175 |  39.6 |      71 |      39 |  35.5
   Vaults:4 |   65655 |   18806 |  22.3 |      82 |      31 |  27.4
   Vaults:5 |   14428 |  134958 |  90.3 |      22 |      94 |  81.0
   Depths:1 |   40086 |   12231 |  23.4 |      52 |      18 |  25.7
   Depths:2 |   30559 |   57713 |  65.4 |      39 |      35 |  47.3
   Depths:3 |   25873 |   13946 |  35.0 |      34 |      13 |  27.7
   Depths:4 |   25692 |   31410 |  55.0 |      27 |      10 |  27.0
   Depths:5 |   52396 |   24873 |  32.2 |      60 |      17 |  22.1
      Zot:1 |   48729 |   17175 |  26.1 |      27 |       9 |  25.0
      Zot:2 |   52570 |    7620 |  12.7 |      37 |       7 |  15.9
      Zot:3 |   56826 |       0 |   0.0 |      32 |       0 |   0.0
      Zot:4 |   44729 |   12572 |  21.9 |      26 |       7 |  21.2
      Zot:5 |   47637 |  157627 |  76.8 |      28 |      39 |  58.2
     WizLab |       0 |   32702 | 100.0 |       0 |      35 | 100.0
   Gauntlet |       0 |    3094 | 100.0 |       0 |      10 | 100.0
            +---------+---------+-------+---------+---------+-------
